[Event "GMT Biel Chess Festival classic"]
[Site "Biel/Bienne, Switzerland"]
[Date "????.??.??"]
[Round "6.3"]
[White "Harikrishna, Pentala"]
[Black "Ã‰douard, Romain"]
[Result "1-0"]
[TimeControl "90 minutes for the first 40 moves + 30 minutes for the rest of the game with an addition of 30 seconds per move starting from move one"]
[WhiteTitle "GM"]
[BlackTitle "GM"]
[WhiteFideId "5007003"]
[BlackFideId "633429"]
[WhiteElo "2719"]
[BlackElo "2649"]

1. e4 c5 2. Nf3 d6 3. d4 cxd4 4. Qxd4 a6 5. Be2 Nc6 6. Qe3 Nf6 7. O-O g6 8. h3 Bg7 9. c4 O-O 10.
Nc3 Rb8 11. Rd1 Nd7 12. Rb1 b6 13. b3 Bb7 14. Bb2 Ba8 15. Nd5 b5 16. Bxg7 Kxg7 17. b4 bxc4 18. Bxc4 a5 19. b5 Nce5 20.
Nxe5 Nxe5 21. Bf1 Nd7 22. Rbc1 Bxd5 23. exd5 Nc5 24. Rd4 Kg8 25. Rh4 f5 26. Rd4 a4 27. h4 Qe8 28. Rxc5 dxc5 29.
Rxa4 Rxb5 30. Ra7 Rf7 31. Bxb5 Qxb5 32. Rxe7 Rxe7 33. Qxe7 Qb1+ 34. Kh2 Qxa2 35. Qxc5 Qd2 36. d6 Kf7 37.
f3 Qe1 38. Qd4 Qe8 39. Qd5+ Qe6 40. Qxe6+ Kxe6 41. Kg3 Kxd6 42. Kf4 Ke6 43. Kg5 Kf7 44. Kh6 1-0

[Event "GMT Biel Chess Festival classic"]
[Site "Biel/Bienne, Switzerland"]
[Date "????.??.??"]
[Round "6.4"]
[White "Keymer, Vincent"]
[Black "Wojtaszek, Radoslaw"]
[Result "1/2-1/2"]
[TimeControl "90 minutes for the first 40 moves + 30 minutes for the rest of the game with an addition of 30 seconds per move starting from move one"]
[WhiteTitle "GM"]
[BlackTitle "GM"]
[WhiteFideId "12940690"]
[BlackFideId "1118358"]
[WhiteElo "2487"]
[BlackElo "2719"]

1. Nf3 Nf6 2. c4 e6 3. Nc3 d5 4. e3 a6 5. b3 c5 6. Bb2 Nc6 7. cxd5 exd5 8. d4 Bg4 9. Be2 Bxf3 10.
Bxf3 cxd4 11. exd4 Bb4 12. Qe2+ Qe7 13. O-O Qxe2 14. Nxe2 O-O-O 15. Nf4 Rhe8 16. Nd3 Bd6 17. Rac1 Kb8 18.
Rfd1 Ne4 19. g3 Re7 20. h4 Nb4 21. Nxb4 Bxb4 22. Rc2 Rc8 23. Rxc8+ Kxc8 24. Rc1+ Rc7 25. Rxc7+ Kxc7 26. Kf1 Nd2+ 27.
Ke2 Nxf3 28. Kxf3 Kd6 29. g4 Ke6 30. h5 g6 31. hxg6 fxg6 32. Bc1 Be7 33. Be3 h5 34. Kg3 Bd8 35.
f3 Be7 36. Kh3 Bd8 37. Kg3 Be7 38. Kh3 Bd8 39. Kg3 Be7 40. Kh3 Bd8 1/2-1/2

[Event "GMT Biel Chess Festival classic"]
[Site "Biel/Bienne, Switzerland"]
[Date "????.??.??"]
[Round "7.2"]
[White "Ã‰douard, Romain"]
[Black "Keymer, Vincent"]
[Result "1-0"]
[TimeControl "90 minutes for the first 40 moves + 30 minutes for the rest of the game with an addition of 30 seconds per move starting from move one"]
[WhiteTitle "GM"]
[BlackTitle "GM"]
[WhiteFideId "633429"]
[BlackFideId "12940690"]
[WhiteElo "2649"]
[BlackElo "2487"]

1. e4 c5 2. Nf3 d6 3. Bb5+ Nd7 4. Ba4 Ngf6 5. O-O e6 6. Re1 a6 7. c4 Be7 8. d4 cxd4 9. Nxd4 O-O 10.
Nc3 Qc7 11. Qe2 Ne5 12. Bb3 Bd7 13. f4 Ng6 14. Kh1 e5 15. Nf5 Bd8 16. fxe5 Nxe5 17. Bf4 Re8 18. Rad1 Bxf5 19. exf5 Qc8 20.
Qc2 Ba5 21. Ba4 Qxc4 22. Bg5 Bxc3 23. bxc3 b5 24. Bb3 Qg4 25. Bxf6 gxf6 26. Qf2 Kh8 27. Rxd6 Rad8 28. Rxd8 Rxd8 29.
Qb6 Re8 30. Bxf7 Qh4 31. g3 Qh6 32. Bxe8 Ng4 33. Bh5 Qxh5 34. Qb8+ Kg7 35. Re7+ Kh6 36. Qf8+ Kg5 37. Rg7+ Kxf5 38.
Qc8+ 1-0

[Event "GMT Biel Chess Festival classic"]
[Site "Biel/Bienne, Switzerland"]
[Date "????.??.??"]
[Round "7.3"]
[White "Anton Guijarro, David"]
[Black "Harikrishna, Pentala"]
[Result "0-1"]
[TimeControl "90 minutes for the first 40 moves + 30 minutes for the rest of the game with an addition of 30 seconds per move starting from move one"]
[WhiteTitle "GM"]
[BlackTitle "GM"]
[WhiteFideId "2285525"]
[BlackFideId "5007003"]
[WhiteElo "2703"]
[BlackElo "2719"]

1. c4 c6 2. Nf3 d5 3. e3 Nf6 4. Nc3 e6 5. d4 Nbd7 6. Qc2 Bd6 7. b3 O-O 8. Be2 b6 9. Bb2 Bb7 10.
O-O Qe7 11. Rfe1 Rfe8 12. Rad1 Rad8 13. Bf1 c5 14. cxd5 exd5 15. Nb5 Bb8 16. dxc5 bxc5 17. g3 Ng4 18. Bg2 Ndf6 19. Nc3 h5 20.
Ba3 Qc7 21. h3 d4 22. hxg4 hxg4 23. Nb5 Qa5 24. Nfxd4 Bxg2 25. Qxc5 Bb7 26. Nf5 Rd5 27. Ne7+ Rxe7 28. Qxe7 Qxb5 29.
e4 Rxd1 30. Rxd1 Bxe4 31. Re1 Ba8 0-1